 Dungeon Crawl Stone Soup version 0.25.1-1-g288607f5aa (webtiles) character file.

Game seed: 3623697124381856352

1912 Acheron the Ruffian (level 8, -1/75 HPs)
             Began as a Troll Hunter on July 22, 2020.
             Was a Follower of Okawaru.
             Slain by a two-headed ogre
             ... wielding a +0 giant club
              (14 damage)
             ... on level 7 of the Dungeon.
             The game lasted 00:28:14 (6493 turns).

Acheron the Ruffian (Troll Hunter)                  Turns: 6493, Time: 00:28:22

Health: -1/75      AC: 13    Str: 21    XL:     8   Next: 95%
Magic:  8/8        EV: 11    Int:  7    God:    Okawaru [*.....]
Gold:   356        SH:  0    Dex: 12    Spells: 8/9 levels left

rFire    + . .     SeeInvis +     - Unarmed
rCold    + . .     Gourm    +   (no shield)
rNeg     . . .     Faith    .   u - +2 robe {rC+ rF+}
rPois    .         Spirit   .   (helmet restricted)
rElec    .         Reflect  .   B - +0 cloak
rCorr    .         Harm     .   (gloves unavailable)
MR       .....                  (boots unavailable)
Stlth    ++........             (no amulet)
HPRegen  0.62/turn              y - +4 ring of protection
MPRegen  0.11/turn              C - ring of see invisible

@: no status effects
A: large, unfitting armour, claws 3, fast metabolism 3, gourmand, regeneration
1, shaggy fur 1, tough skin 3
a: Heroism, Renounce Religion


You were on level 7 of the Dungeon.
You worshipped Okawaru.
Okawaru was aware of your devotion.
You were very full.

You visited 2 branches of the dungeon, and saw 9 of its levels.

You collected 356 gold pieces.

Inventory:

Hand Weapons
 s - a +0 hunting sling
 H - a +1 war axe of freezing
 I - a +4 dagger of draining
 J - a cursed +2 vorpal war axe
Missiles
 b - 4 javelins
 c - 5 large rocks
 d - 2 throwing nets
 l - 42 poisoned darts
 n - 237 stones
 r - 17 sling bullets
 A - 6 boomerangs (quivered)
Armour
 u - a +2 robe of resistance (worn)
 B - a +0 cloak (worn)
Jewellery
 y - a +4 ring of protection (left claw)
 C - a ring of see invisible (right claw)
Wands
 h - a wand of flame (12)
 o - a wand of digging (4)
 G - a wand of iceblast (7)
Scrolls
 a - 2 scrolls of enchant armour
 p - 2 scrolls of amnesia
 t - 2 scrolls of teleportation
 z - a scroll of identify
 D - a scroll of fear
 E - 2 scrolls of remove curse
 F - 2 scrolls of fog
Potions
 e - a potion of lignification
 g - 3 potions of haste
 i - 2 potions of curing
 j - a potion of might
 k - 3 potions of heal wounds
 m - 4 potions of brilliance
 q - a potion of invisibility
 w - a potion of degeneration {unknown}
 x - a potion of stabbing
Comestibles
 f - 13 rations
 v - a chunk of flesh


   Skills:
 * Level 3.3 Fighting
 * Level 4.9 Throwing
 * Level 4.0 Dodging
 * Level 2.4 Stealth
 * Level 7.4 Unarmed Combat
 * Level 1.1 Spellcasting
 * Level 1.9 Evocations


You had 8 spell levels left.
You knew the following spells:

 Your Spells              Type           Power        Failure   Level  Hunger
a - Corona                Hex            #......      38%         1    ##.....

Your spell library contained the following spells:

 Spells                   Type           Power        Failure   Level  Hunger
 Ensorcelled Hibernation  Hex/Ice        #.....       54%         2    ###....
 Confusing Touch          Hex            #.......     77%         3    ####...
 Dazzling Flash           Conj/Hex       #.....       77%         3    ####...
 Tukima's Dance           Hex            #.......     77%         3    ####...


Dungeon Overview and Level Annotations

Branches:
Dungeon (8/15)             Temple (1/1) D:6
   Lair: D:8-11

Altars:
Dithmenos
Elyvilon
Fedhas
Gozag
Hepliaklqana
Kikubaaqudgha
Makhleb
Okawaru
Qazlal
Sif Muna
Trog
Uskayaw
Vehumet
Wu Jian
Xom
Yredelemnul
Zin
The Shining One


Innate Abilities, Weirdness & Mutations

You are too large for most types of armour.
You have claws for hands.
Your metabolism is lightning-fast.
You like to eat raw meat.
Your natural rate of healing is unusually fast.
You are covered in fur. (AC +1)
You have extremely tough skin. (AC +3)


Message History

You barely miss the two-headed ogre. You claw the two-headed ogre!
The two-headed ogre is moderately wounded.
The bullfrog barely misses you.
The two-headed ogre hits you with a +0 giant club!!
The two-headed ogre hits you with a +0 giant club!
You barely miss the two-headed ogre.
The two-headed ogre is moderately wounded.
The bullfrog completely misses you. The bullfrog barely misses you.
You claw the two-headed ogre!
The two-headed ogre is heavily wounded.
The two-headed ogre barely misses you.
The two-headed ogre hits you but does no damage.
The bullfrog hits you but does no damage.
You barely miss the two-headed ogre.
The two-headed ogre is heavily wounded.
The bullfrog hits you but does no damage.
The two-headed ogre hits you with a +0 giant club!!
* * * LOW HITPOINT WARNING * * *
The two-headed ogre hits you with a +0 giant club!
You die...

..............###..#
#.##.
#######.######.#.#.#
#.##. #.# ##.##.#
#.### #.#
#.##.#####.## #.#
#.........#.## #.#
####.###...... #.#
#...........
#.#########.##########
#.(.O@F.....#
#############


You could see a two-headed ogre and a bullfrog.

Vanquished Creatures
  2 centaurs
  5 ogres
  A crocodile (D:6)
  A big kobold (D:7)
  2 scorpions
  5 wights (D:7)
  3 crimson imps
  3 hounds
  2 orc priests
  Jessica (D:3)
  4 orc wizards
  4 worker ants
  A hound zombie (D:5)
  6 gnolls (D:7)
  16 adders
  2 shadow imps
  An ooze (D:1)
  An adder skeleton (D:6)
  5 worms
  5 dart slugs
  3 leopard geckos
  29 orcs
  4 ball pythons
  8 bats
  6 giant cockroaches
  13 hobgoblins
  2 jackals (D:1)
  12 kobolds
  5 quokkas
  2 ball python zombies
  6 frilled lizards
  9 goblins
  A jackal skeleton (D:5)
  6 rats
176 creatures vanquished.

Notes
Turn   | Place    | Note
-------+----------+-------------------------------------------
     0 | D:1      | Acheron the Troll Hunter began the quest for the Orb.
     0 | D:1      | Reached XP level 1. HP: 19/19 MP: 0/0
    97 | D:1      | Reached XP level 2. HP: 27/27 MP: 1/1
   160 | D:1      | Reached XP level 3. HP: 32/35 MP: 2/2
   235 | D:1      | Found a glowing golden altar of the Shining One.
   261 | D:1      | Reached skill level 1 in Unarmed Combat
   770 | D:2      | Reached XP level 4. HP: 42/42 MP: 3/3
   797 | D:2      | Reached skill level 2 in Unarmed Combat
   932 | D:2      | Reached XP level 5. HP: 49/49 MP: 4/4
  1078 | D:2      | Reached skill level 1 in Stealth
  1534 | D:3      | Noticed an ogre
  1540 | D:3      | Killed an ogre
  1540 | D:3      | Reached skill level 3 in Unarmed Combat
  1640 | D:3      | Reached XP level 6. HP: 57/57 MP: 5/5
  1919 | D:3      | Found a stormy altar of Qazlal.
  1921 | D:3      | Found an ornate altar of the Wu Jian Council.
  1925 | D:3      | Noticed Jessica
  1979 | D:3      | Killed Jessica
  1979 | D:3      | Reached skill level 4 in Unarmed Combat
  2355 | D:4      | Found a basalt altar of Yredelemnul.
  2821 | D:4      | Reached XP level 7. HP: 50/66 MP: 6/6
  2904 | D:5      | Entered Level 5 of the Dungeon
  3584 | D:5      | Reached skill level 5 in Unarmed Combat
  3599 | D:5      | Learned a level 1 spell: Corona
  3664 | D:5      | Reached skill level 1 in Evocations
  3953 | D:5      | HP: 3/99 [ogre/+0 giant club (22)]
  4070 | D:6      | Reached skill level 6 in Unarmed Combat
  4070 | D:6      | Reached XP level 8. HP: 74/74 MP: 7/7
  4113 | D:6      | Found a staircase to the Ecumenical Temple.
  4129 | Temple   | Entered the Ecumenical Temple
  4390 | Temple   | Became a worshipper of Warmaster Okawaru
  4545 | D:6      | Found a radiant altar of Vehumet.
  5270 | D:6      | Found a hazy altar of Hepliaklqana.
  5746 | D:7      | Reached skill level 7 in Unarmed Combat
  5750 | D:7      | Reached * piety under Okawaru
  5750 | D:7      | Reached skill level 1 in Spellcasting
  6486 | D:8      | Noticed a two-headed ogre
  6493 | D:7      | Slain by a two-headed ogre

Illustrated notes

Levels and vault maps discovered:
D:1:      lightli_arrival_noodles, layout_basic, tso_metal_star
D:2:      minmay_thinvault, layout_loops_ring
D:3:      layout_basic, grunt_temple_overflow_open, uniq_jessica
D:4:      layout_basic, first_ration, yredelemnul_altar_generic
D:5:      layout_basic
D:6:      layout_loops_ring, overflow_temple_1_default,
          lemuel_coloured_pillars_altar, minmay_temple_entry_butterflies
D:7:      layout_loops_ring
D:8:      layout_rooms, slow_altar_2, marbit_many_paths, nemelex_altar_shiori,
          david_lair_generic
Temple:   dpeg_chambers_temple

Skill      XL: |  1  2  3  4  5  6  7  8 |
---------------+-------------------------+-----
Throwing       | 4 |  4.9
Unarmed Combat | 1 2 3 4 6 7 |  7.4
Dodging        | 2 3 4 |  4.0
Fighting       | 2 3 |  3.3
Stealth        | 1 2 |  2.4
Evocations     | 1 |  1.9
Spellcasting   | 1 |  1.1

Action                   |  1- 3 |  4- 6 |  7- 9 || total
-------------------------+-------+-------+-------++-------
Melee: Unarmed           |   151 |   157 |   248 ||   556
       Punch             |       |       |     6 ||     6
Throw: Large rock        |       |     4 |     5 ||     9
       Boomerang         |       |       |     5 ||     5
  Use: Scroll            |       |    10 |     8 ||    18
       Potion            |       |       |     2 ||     2
 Stab: Sleeping          |     2 |     3 |     4 ||     9
  Eat: Chunk             |    13 |    16 |    36 ||    65
Armor: Robe              |    54 |    53 |    79 ||   186
Dodge: Dodged            |    86 |    74 |   117 ||   277
